AoeStats
← tavoo

Arabia

507921858Analyzed
1v1 RM · 13d ago on Sep 20, 2026· 29m 26s· 2 players
Game mode
Random Map
Map size
Tiny (2 player)
Population
200
Speed
Normal
Resources
Standard
Victory
Conquest
Starting age
Dark Age
Ending age
Imperial Age
RankedLock teamsTeams togetherTeam positionsShared explorationLock speedFull tech treeHidden civsTurbo modeCheats
Victory
Defeat
🇹🇼 Magyars · Taiwan
1350
+17
🇲🇽 Bulgarians · Mexico
1379
-17
MAVERICK
6:19 Loom
8:41 Feudal Age
10:45 Double-Bit Axe
21:08 Bloodlines
21:21 Bloodlines
21:28 Gold Mining
23:52 Castle Age
21:54 Horse Collar
23:41 Scale Barding Armor
23:57 Light Cavalry
24:37 Husbandry
29:27 Chain Barding Armor
tavoo
7:06 Loom
9:33 Feudal Age
11:42 Arson
12:49 Forging
17:24 Town Watch
18:50 Scale Barding Armor
22:38 Wheelbarrow
25:41 Castle Age
24:28 Horse Collar
25:25 Bloodlines
27:02 Iron Casting
26:35 Husbandry
26:48 Light Cavalry
Connection lost

Rejoining the realm…

Still unreachable

The connection could not be restored.

Session expired

The server has moved on; the page needs a fresh start.